AoeStats
← [RAT] G0rm

African Clearing

506736555Analyzed
3v3 RM · 18d ago on Sep 14, 2026· 19m 49s· 6 players
Game mode
Random Map
Map size
Normal (6 player)
Population
200
Speed
Normal
Resources
Standard
Victory
Conquest
Starting age
Dark Age
Ending age
Imperial Age
RankedLock teamsTeams togetherTeam positionsShared explorationLock speedFull tech treeHidden civsTurbo modeCheats
Victory
Defeat
🇨🇴 Khmer · Colombia
1583
+16
🇨🇱 Chinese · Chile
1561
+17
🇮🇳 Vietnamese · India
1429
+21
🇺🇸 Wei · United States
1629
-20
🇳🇱 Byzantines · Netherlands
1554
-17
🇷🇴 Slavs · Romania
1548
-17
ZZZzzzzz....
3:03 Loom
10:59 Feudal Age
12:04 Double-Bit Axe
14:06 Forging
15:26 Horse Collar
17:54 Scale Barding Armor
RockAxe4356
10:51 Loom
12:59 Feudal Age
13:57 Double-Bit Axe
14:41 Town Watch
14:52 Fletching
[MLTS] RKotzen
14:12 Feudal Age
14:47 Loom
17:08 Castle Age
16:55 Double-Bit Axe
18:34 Bow Saw
18:50 Horse Collar
[RAT] Havik_AoE
3:58 Loom
12:23 Feudal Age
14:20 Double-Bit Axe
16:20 Fletching
16:31 Padded Archer Armor
16:47 Horse Collar
19:11 Wheelbarrow
[RAT] G0rm
8:56 Loom
11:38 Feudal Age
12:21 Double-Bit Axe
13:05 Horse Collar
17:33 Wheelbarrow
17:58 Scale Barding Armor
[RAT] Spencer
7:35 Loom
14:09 Feudal Age
17:28 Double-Bit Axe
Connection lost

Rejoining the realm…

Still unreachable

The connection could not be restored.

Session expired

The server has moved on; the page needs a fresh start.